 Dungeon Crawl Stone Soup version 0.31-a0-182-gc5ef74bbde (webtiles) character file.

Game seed: 13259452704744641528

62 qw the Chopper (level 4, -1/28 HPs)
             Began as a Gargoyle Fighter on June 21, 2023.
             Slain by Terence
             ... wielding a +0 trident
              (5 damage)
             ... on level 3 of the Dungeon.
             The game lasted 00:00:52 (1948 turns).

qw the Chopper (Gargoyle Fighter)                   Turns: 1948, Time: 00:00:52

Health: -1/28      AC: 10    Str: 22    XL:     4   Next: 8%
Magic:  4/4        EV:  9    Int:  8    God:
Gold:   72         SH:  4    Dex:  9    Spells: 3/3 levels left

rFire   . . .        Y - +0 war axe
rCold   . . .        c - +0 buckler
rNeg    + . .        b - +0 scale mail
rPois   inf          (no helmet)
rElec   +            (no cloak)
rCorr   .            (no gloves)
SInv    .            (no boots)
Will    .....        (no amulet) Stlth
                     (no ring)
HPRegen 0.24/turn    (no ring)
MPRegen 0.09/turn

%: no passive effects
@: no status effects
A: sickness immunity, AC +3, negative energy resistance 1, electricity
resistance, torment resistance 1, petrification resistance
a: no special abilities


You were on level 3 of the Dungeon.
You visited 1 branch of the dungeon, and saw 3 of its levels.

You collected 100 gold pieces.
You spent 28 gold pieces at shops.


Innate Abilities, Weirdness & Mutations

You are immune to sickness and miasma.
Your stone body is resilient. (AC +3)
You are immune to poison.
You resist negative energy. (rN+)
You are resistant to electric shocks. (rElec)
You are resistant to unholy torment.
You are immune to petrification.


   Skills:
 - Level 3.2 Fighting
 + Level 3.8 Axes
 - Level 3.2 Armour
 - Level 3.2 Shields


You had 3 spell levels left.
You didn't know any spells.
Your spell library was empty.

Inventory:

Hand Weapons
 i - a +0 mace
 Y - a +0 war axe (weapon)
Armour
 b - a +0 scale mail (worn)
 c - a +0 buckler (worn)
Scrolls
 a - a scroll of identify
Potions
 d - 2 potions of might
 e - a potion of attraction
 g - a potion of lignification {unknown}
 h - 2 potions of curing {unknown}
 j - a potion of heal wounds {unknown}
 l - a potion of invisibility {unknown}
 m - a potion of cancellation {unknown}

Dungeon Overview and Level Annotations

Branches:
Dungeon (3/15)

Altars:
Uskayaw

Shops:
D:2 *

Annotations:
D:3 Terence


Message History

Terence says, "You're history."
Enter note:
Enter note:
Enter note:
Enter note: Terence screams, "I'm going to kill you!"
Terence hits you but does no damage.
You hit Terence.
Terence is lightly wounded.
Terence barely misses you. Terence closely misses you.
You barely miss Terence.
Terence is lightly wounded.
Terence hits you with a +0 trident! Terence hits you with a +0 trident.
You closely miss Terence.
Terence is lightly wounded.
Terence closely misses you. Terence barely misses you.
You hit Terence.
Terence is moderately wounded.
You block Terence's attack. Terence hits you but does no damage.
You closely miss Terence.
Terence is moderately wounded.
Terence misses you. Terence hits you but does no damage.
You barely miss Terence.
Terence is moderately wounded.
Terence says, "You're history."
Terence hits you but does no damage. Terence closely misses you.
You hit Terence.
Terence is heavily wounded.
You block Terence's attack. Terence hits you with a +0 trident!
You closely miss Terence.
Terence is heavily wounded.
Terence completely misses you. Terence hits you but does no damage.
You hit Terence but do no damage.
Terence is heavily wounded.
Terence hits you but does no damage. Terence hits you with a +0 trident!
You barely miss Terence.
Terence is moderately wounded.
Terence hits you with a +0 trident. Terence misses you.
Terence hits you with a +0 trident.
You die...

..##...#...#...#
..######...#####
......
..######...######.....
.....##......#.......
.....##......#......
..#####......#.....
......'......#....#
..#####...####..@.##
......##### #..@..#
......# ##.....#
#.....# #......#
#.##..# #.....##
#.###'## #.....#
#.#...(######.....#
#.#........##...(.#
#.#(...........##.#
#........##.....#


You could see Terence (fast).

Vanquished Creatures
  2 adders (D:2)
  2 dart slugs (D:1)
  5 ball pythons
  6 bats
  An endoplasm (D:2)
  2 giant cockroaches
  4 goblins
  2 hobgoblins
  4 kobolds
  A quokka (D:2)
  5 frilled lizards
  5 rats
39 creatures vanquished.

Notes
Turn   | Place    | Note
-------+----------+-------------------------------------------
     0 | D:1      | qw the Gargoyle Fighter began the quest for the Orb.
     0 | D:1      | Reached XP level 1. HP: 14/14 MP: 1/1
     0 | D:1      | 0 ||| qw: Version: 0.3-a-9-g12657ce
     0 | D:1      | 0 ||| qw: Game counter: 1604
     0 | D:1      | 0 ||| qw: Always use a shield: true
     0 | D:1      | 0 ||| qw: God list: Okawaru
     0 | D:1      | 0 ||| qw: Allow faded altars: false
     0 | D:1      | 0 ||| qw: Do Orc after D:15 true
     0 | D:1      | 0 ||| qw: Do second Lair branch before Depths: true
     0 | D:1      | 0 ||| qw: Lair rune preference: random
     0 | D:1      | 0 ||| qw: Plans: Normal, Zot:1-4, Slime:5, God:TSO, Crypt,
                  | Tomb, Abyss, Pan, Hells, Win
     0 | D:1      | 0 ||| PLANNING D:1-11
   134 | D:1      | Reached XP level 2. HP: 17/19 MP: 2/2
   163 | D:1      | 163 ||| Stepping ~*~*~tactically~*~*~ (hiding).
   164 | D:1      | 164 ||| Stepping ~*~*~tactically~*~*~ (hiding).
   346 | D:1      | 346 ||| DROPPING +0 club.
   474 | D:1      | Found a faded altar of an unknown god.
   497 | D:1      | 497 ||| Stepping ~*~*~tactically~*~*~ (stealth).
   663 | D:1      | 663 ||| Stepping ~*~*~tactically~*~*~ (stealth).
   664 | D:1      | 664 ||| Stepping ~*~*~tactically~*~*~ (stealth).
   666 | D:1      | 666 ||| Stepping ~*~*~tactically~*~*~ (stealth).
   760 | D:1      | Reached skill level 3 in Axes
   842 | D:1      | 842 ||| Stepping ~*~*~tactically~*~*~ (hiding).
   849 | D:1      | Reached XP level 3. HP: 23/23 MP: 3/3
  1221 | D:1      | 1221 ||| READING scroll labelled YRELLUNTUUS.
  1222 | D:1      | 1222 ||| READING scroll labelled QALOEFFEIFUST.
  1223 | D:1      | 1223 ||| READING 2 scrolls labelled GIGHESCHOKO.
  1224 | D:1      | 1224 ||| READING scroll labelled PEOGAPTUN.
  1225 | D:1      | 1225 ||| DROPPING scroll of noise.
  1391 | D:2      | Found a hide-covered altar of Uskayaw.
  1501 | D:2      | Found Erar's General Store.
  1509 | D:2      | 1509 ||| SHOPLISTING potion of enlightenment (70 gold, have
                  | 51).
  1509 | D:2      | 1509 ||| SHOPLISTING potion of might (56 gold, have 51).
  1509 | D:2      | 1509 ||| BUYING scroll of identify (28 gold).
  1509 | D:2      | Bought a scroll of identify for 28 gold pieces
  1509 | D:2      | 1509 ||| SHOPLISTING scroll of identify (28 gold, have 23).
  1696 | D:2      | 1696 ||| Stepping ~*~*~tactically~*~*~ (stealth).
  1706 | D:2      | Reached XP level 4. HP: 28/28 MP: 4/4
  1753 | D:2      | 1753 ||| READING 3 scrolls labelled LOSMUUTORADWAL.
  1754 | D:2      | 1754 ||| READING scroll labelled DEMUENIDINT.
  1755 | D:2      | 1755 ||| READING 2 scrolls of identify.
  1755 | D:2      | 1755 ||| IDENTIFYING red potion
  1756 | D:2      | 1756 ||| DROPPING 2 scrolls of poison.
  1935 | D:3      | Noticed Terence
  1947 | D:3      | HP: 6/28 [Terence/+0 trident (8)]
  1948 | D:3      | Slain by Terence

Levels and vault maps discovered:
D:1:      lemuel_arrival_broad_hall, layout_basic, ebering_ecumenical_altar_box
D:2:      layout_basic, basic_altar, serial_shops, shop, fountainhead
D:3:      layout_basic, lemuel_doored_altar, grunt_ministairs_5,
          nicolae_elevator_lobby_plus, uniq_terence, uniq_jessica

Skill      XL: |  1  2 |
---------------+-------+-----
Axes           | 2 3 |  3.8
Fighting       | |  3.2
Armour         | |  3.2
Shields        | |  3.2

Action                     |  1- 3 |  4- 6 || total
---------------------------+-------+-------++-------
  Melee: War axe           |   100 |    18 ||   118
    Use: Scroll            |     4 |     3 ||     7
 Armour: Scale mail        |    29 |     9 ||    38
  Dodge: Dodged            |    44 |    10 ||    54
  Block: Buckler           |    19 |     4 ||    23

Table legend:
 A = Non-vault XP
 B = Vault XP
 C = Vault XP percentage of total XP
 D = Non-vault monster count
 E = Vault monster count
 F = Vault count percentage of total count
                 A         B        C        D         E       F
            +---------+---------+-------+---------+---------+-------
      Total |      89 |       0 |   0.0 |      39 |       0 |   0.0
            +---------+---------+-------+---------+---------+-------
        D:1 |      42 |       0 |   0.0 |      24 |       0 |   0.0
        D:2 |      42 |       0 |   0.0 |      12 |       0 |   0.0
        D:3 |       5 |       0 |   0.0 |       3 |       0 |   0.0
            +---------+---------+-------+---------+---------+-------
